 Dungeon Crawl Stone Soup version 0.30-a0-135-g630cfc4551 (webtiles) character file.

Game seed: 15599538952840994319

2174 NinjaNoafa the Trooper (level 9, -2/74 HPs)
             Began as a Gnoll Wanderer on Sept 19, 2022.
             Was an Initiate of Ashenzari.
             Slain by a two-headed ogre
             ... wielding a +0 giant club
              (10 damage)
             ... on level 7 of the Dungeon on Sept 20, 2022.
             The game lasted 00:26:56 (7865 turns).

NinjaNoafa the Trooper (Gnoll Wanderer)             Turns: 7865, Time: 00:26:56

Health: -2/74      AC: 10    Str: 14    XL:     9   Next: 32%
Magic:  8/19       EV: 12    Int: 22    God:    Ashenzari [......]
Gold:   1037       SH:  0    Dex:  7    Spells: 9/21 levels left

rFire   . . .      SeeInvis +    j - +9 short sword of Infection {venom, rElec SInv}
rCold   . . .      Faith    .    (no shield)
rNeg    + . .      Spirit   .    v - +1 robe {Will+}
rPois   .          Reflect  .    (helmet restricted)
rElec   +          Harm     .    p - +1 cloak
rCorr   +          Rampage  .    i - +2 pair of gloves
Will    +....                    D - +0 pair of boots
Stlth   ++........               E - amulet of the acrobat
HPRegen 0.22/turn                b - ring of positive energy
MPRegen 0.16/turn                u - ring of resist corrosion

@: no status effects
A: fangs 1, strong nose, distributed training, horns 1, talons 1, clever 1,
strong 1
a: Renounce Religion, Curse Item


You were on level 7 of the Dungeon.
You worshipped Ashenzari.
Ashenzari was noncommittal.
You visited 2 branches of the dungeon, and saw 8 of its levels.

You collected 1037 gold pieces.

Inventory:

Hand Weapons
 j - the +9 short sword of Infection (weapon) {venom, rElec SInv}
   (You found it on level 2 of the Dungeon)

   It poisons the flesh of those it strikes.
   rElec:     It insulates you from electricity.
   SInv:      It lets you see invisible.
 n - a +0 triple crossbow
Missiles
 a - 2 boomerangs of dispersal
 g - 48 stones
 x - 8 javelins
Armour
 i - a +2 pair of gloves (worn)
 p - a +1 cloak (worn)
 v - a +1 robe of willpower (worn)
 D - a +0 pair of boots (worn)
Jewellery
 b - a ring of positive energy (left hand)
 t - an amulet of guardian spirit
 u - a ring of resist corrosion (right hand)
 A - a ring of positive energy
 E - an amulet of the acrobat (around neck)
Wands
 c - a wand of charming (4)
 m - a wand of mindburst (7)
 C - a wand of iceblast (10)
Scrolls
 e - a scroll of amnesia
 f - 9 scrolls of teleportation
 k - 2 scrolls of blinking
 q - a scroll of summoning
 r - 2 scrolls of fear
 w - 2 scrolls of immolation
 y - a scroll of enchant weapon
 B - a scroll of poison
Potions
 d - 4 potions of lignification
 h - 2 potions of curing
 l - a potion of attraction
 o - a potion of mutation
 s - 4 potions of brilliance
 z - a potion of flight


   Skills:
 + Level 7.9 Fighting
 + Level 4.3 Short Blades
 + Level 4.3 Long Blades
 + Level 4.3 Axes
 + Level 4.3 Maces & Flails
 + Level 4.3 Polearms
 + Level 4.3 Staves
 + Level 4.3 Ranged Weapons
 + Level 5.1 Throwing
 + Level 5.1 Armour
 + Level 4.3 Dodging
 + Level 4.3 Stealth
 + Level 4.3 Shields
 + Level 4.3 Unarmed Combat
 + Level 6.6 Spellcasting
 + Level 3.5 Conjurations
 + Level 5.2 Hexes
 + Level 3.5 Summonings
 + Level 3.5 Necromancy
 + Level 3.5 Translocations
 + Level 3.5 Transmutations
 + Level 3.5 Fire Magic
 + Level 3.5 Ice Magic
 + Level 4.2 Air Magic
 + Level 3.5 Earth Magic
 + Level 3.5 Poison Magic
 + Level 4.7 Invocations
 + Level 4.3 Evocations


You had 9 spell levels left.
You knew the following spells:

 Your Spells              Type           Power      Damage    Failure   Level
a - Shock                 Conj/Air       96%        1d9       1%          1
b - Slow                  Hex            100%       N/A       1%          1
c - Sandblast             Erth           44%        2d11      1%          1
d - Passwall              Tmut/Erth      18%        N/A       3%          2
e - Sublimation of Blood  Necr           22%        N/A       3%          2
f - Wereblood             Tmut           22%        N/A       3%          2
g - Ensorcelled Hibernat  Hex/Ice        52%        N/A       2%          2
h - Apportation           Tloc           44%        N/A       1%          1

Your spell library contained the following spells:

 Spells                   Type           Power      Damage    Failure   Level
 Dazzling Flash           Conj/Hex       52%        N/A       4%          3
 Summon Guardian Golem    Hex/Summ       26%        N/A       4%          3
 Mephitic Cloud           Conj/Pois/Air  23%        N/A       5%          3
 Ignite Poison            Fire/Tmut/Pois 22%        N/A       6%          3
 Spider Form              Tmut/Pois      22%        N/A       6%          3
 Stone Arrow              Conj/Erth      44%        3d9       6%          3
 Anguish                  Hex/Necr       13%        N/A       14%         4
 Iskenderun's Mystic Bla  Conj/Tloc      22%        2d6       21%         4
 Sticky Flame             Conj/Fire      22%        2d4       21%         4
 Alistair's Intoxication  Tmut/Pois      14%        N/A       50%         5
 Starburst                Conj/Fire      11%        6d5       97%         6
 Summon Hydra             Summ           11%        N/A       100%        7


Dungeon Overview and Level Annotations

Branches:
Dungeon (7/15)             Temple (1/1) D:6

Altars:
Ashenzari
Cheibriados
Dithmenos
Elyvilon
Gozag
Hepliaklqana
Kikubaaqudgha
Makhleb
Okawaru
Qazlal
Ru
Sif Muna
Uskayaw
Vehumet
Xom
Yredelemnul
Zin
The Shining One

Annotations:
D:5 3 runed translucent doors, Hubris850's ghost, novice MeCA


Innate Abilities, Weirdness & Mutations

You have very sharp teeth.
Your uncanny sense of smell can sniff out nearby items.
Your experience applies equally to all skills.
You have a pair of small horns on your head.
You have sharp toenails.
Your mind is acute. (Int +4, Str/Dex -1)
Your muscles are strong. (Str +4, Int/Dex -1)


Message History

Press: ? - help, Shift-Dir - straight line, f/p - two-headed ogre
Aim: a two-headed ogre, wielding a +0 giant club and a +0 giant spiked club (lightly wounded, slow, 92% to hit)
The blast of sand hits the two-headed ogre!
The two-headed ogre is moderately wounded.
The two-headed ogre misses you.
The two-headed ogre hits you with a +0 giant spiked club!!
Welcome back, NinjaNoafa the Gnoll Wanderer.
Ashenzari says: Partake of my vision.
Partake of my curse.
Press ? for a list of commands and other information.
Okay, then.
Okay, then.
Cast which spell? (? or * to list)
Aiming: Ensorcelled Hibernation (safe; 2% risk of failure)
Press: ? - help, Shift-Dir - straight line, f - two-headed ogre
Aim: a two-headed ogre, wielding a +0 giant club and a +0 giant spiked club (moderately wounded, slow, chance to affect: 39%)
The two-headed ogre looks drowsy...
The helpless two-headed ogre fails to defend itself.
You impale the two-headed ogre!!
The two-headed ogre is poisoned.
You headbutt the two-headed ogre, but do no damage.
The two-headed ogre is almost dead.
Casting: Ensorcelled Hibernation (safe; 2% risk of failure)
Confirm with . or Enter, or press ? or * to list all spells.
Aiming: Passwall (safe; 3% risk of failure)
Press: ? - help, Dir - move target, p - two-headed ogre A rock wall.
This rock feels extremely deep.
The two-headed ogre misses you.
The two-headed ogre hits you with a +0 giant spiked club!
Casting: Passwall (safe; 3% risk of failure)
Confirm with . or Enter, or press ? or * to list all spells.
Aiming: Passwall (safe; 3% risk of failure)
Press: ? - help, Dir - move target A rock wall.
The two-headed ogre barely misses you.
The two-headed ogre hits you with a +0 giant spiked club!!
* * * LOW HITPOINT WARNING * * *
You begin to meditate on the wall.
You continue meditating on the rock. x2
The two-headed ogre hits you with a +0 giant club.
* * * LOW HITPOINT WARNING * * *
The two-headed ogre hits you with a +0 giant spiked club!
You die...

#.###...####.##.#
#.##.....###.##.#
#.#.......##.##.#
#.#.......##.##.#
#.#.......##.##.#
#.##....[###.##.# # #.###†..##
#.##.##
##########.####O#####.#..)######.
........##......@.....#..........
..#.....##########.####...##.#.#.
........# #.# #####.##.#
#.......# #### #.######......#.
##..[...####..####...............
#...#.........."....#####.##.###.
....########..####.## #.# #..
..#.# #..# #.# #.# ### .##.# #..#
#.# #.#


You could see a two-headed ogre (very poisoned, slow).

Vanquished Creatures
  2 water moccasins (D:7)
  2 black bears
  A sky beast (D:6)
  2 ogres
  A centaur (D:7)
  A phantom (D:5)
  2 gnoll sergeants (D:7)
  5 scorpions
  2 necrophages
  A howler monkey (D:7)
  2 hounds
  4 jellies
  An orc priest (D:4)
  2 gnoll boudas
  Crazy Yiuf (D:2)
  3 orc wizards
  2 iguanas
  Robin (D:2)
  18 gnolls
  6 adders
  A white imp (D:5)
  An ufetubus (D:6)
  A worm (D:3)
  4 dart slugs
  21 orcs
  6 ball pythons
  3 bats
  6 endoplasms
  6 giant cockroaches
  6 hobgoblins
  3 jackals (D:2)
  2 quokkas
  2 frilled lizards
  6 goblins
  6 kobolds
  2 rats
135 creatures vanquished.

Vanquished Creatures (others)
  5 fungi
  2 plants (D:5)
7 creatures vanquished.

Grand Total: 142 creatures vanquished

Notes
Turn   | Place    | Note
-------+----------+-------------------------------------------
     0 | D:1      | NinjaNoafa the Gnoll Wanderer began the quest for the Orb.
     0 | D:1      | NinjaNoafa set off with the following items: a +0 club, a
                  | potion of curing, a +0 robe, a potion of lignification; and
                  | the following spells available to memorise: Slow, Shock,
                  | Dazzling Flash, Summon Guardian Golem, Mephitic Cloud.
     0 | D:1      | Reached XP level 1. HP: 23/23 MP: 6/6
     2 | D:1      | Learned a level 1 spell: Slow
   398 | D:1      | Reached XP level 2. HP: 28/29 MP: 5/7
  1090 | D:1      | Reached skill level 5 in Spellcasting
  1090 | D:1      | Reached XP level 3. HP: 35/35 MP: 7/9
  1092 | D:1      | Learned a level 1 spell: Shock
  1470 | D:2      | Found a runed translucent door.
  1471 | D:2      | Noticed Crazy Yiuf
  1504 | D:2      | Reached skill level 1 in Invocations
  1693 | D:2      | Noticed Robin
  1705 | D:2      | Reached skill level 1 in Short Blades
  1705 | D:2      | Reached skill level 1 in Long Blades
  1705 | D:2      | Reached skill level 1 in Axes
  1705 | D:2      | Reached skill level 1 in Maces & Flails
  1705 | D:2      | Reached skill level 1 in Polearms
  1705 | D:2      | Reached skill level 1 in Staves
  1705 | D:2      | Reached skill level 1 in Ranged Weapons
  1705 | D:2      | Reached skill level 1 in Dodging
  1705 | D:2      | Reached skill level 1 in Stealth
  1705 | D:2      | Reached skill level 1 in Shields
  1705 | D:2      | Reached skill level 1 in Unarmed Combat
  1705 | D:2      | Reached skill level 1 in Evocations
  1711 | D:2      | Killed Robin
  1712 | D:2      | Reached XP level 4. HP: 32/41 MP: 1/11
  1808 | D:2      | Killed Crazy Yiuf
  1809 | D:2      | Reached skill level 1 in Conjurations
  1809 | D:2      | Reached skill level 1 in Summonings
  1809 | D:2      | Reached skill level 1 in Necromancy
  1809 | D:2      | Reached skill level 1 in Translocations
  1809 | D:2      | Reached skill level 1 in Transmutations
  1809 | D:2      | Reached skill level 1 in Fire Magic
  1809 | D:2      | Reached skill level 1 in Ice Magic
  1809 | D:2      | Reached skill level 1 in Earth Magic
  1809 | D:2      | Reached skill level 1 in Poison Magic
  2107 | D:2      | Identified the +9 short sword of Infection {venom, rElec
                  | SInv}
  2336 | D:2      | Found a faded altar of an unknown god.
  2914 | D:3      | Reached XP level 5. HP: 44/47 MP: 8/12
  3850 | D:4      | Reached XP level 6. HP: 53/53 MP: 8/13
  3864 | D:4      | Gained mutation: Your mind is acute. (Int +4, Str/Dex -1)
                  | [potion of mutation]
  3864 | D:4      | Gained mutation: You have a pair of small horns on your
                  | head. [potion of mutation]
  3864 | D:4      | Gained mutation: You have hidden genetic potential. [potion
                  | of mutation]
  4415 | D:4      | Found a snail-covered altar of Cheibriados.
  4415 | D:4      | Found a glowing silver altar of Zin.
  4446 | D:4      | Noticed a black bear
  4569 | D:4      | Identified a scroll of acquirement
  4571 | D:4      | Acquired 647 gold pieces
  4576 | D:4      | Learned a level 1 spell: Sandblast
  4632 | D:4      | Reached XP level 7. HP: 59/59 MP: 7/15
  4798 | D:5      | Entered Level 5 of the Dungeon
  4808 | D:5      | Reached skill level 7 in Fighting
  4846 | D:5      | Gained mutation: You have sharp toenails. [hidden
                  | potential]
  5027 | D:5      | Upgraded the game from 0.30-a0-134-gb40fab5c76 to
                  | 0.30-a0-135-g630cfc4551
  5377 | D:5      | Reached XP level 8. HP: 34/67 MP: 2/16
  5380 | D:5      | Learned a level 2 spell: Passwall
  5383 | D:5      | Learned a level 2 spell: Sublimation of Blood
  5386 | D:5      | Learned a level 2 spell: Wereblood
  5585 | D:5      | Found a runed translucent gate.
  5593 | D:5      | Found a runed translucent gate.
  5593 | D:5      | Noticed Hubris850's ghost (novice MeCA)
  5594 | D:5      | Found a runed translucent gate.
  5755 | D:5      | Gained mutation: Your muscles are strong. (Str +4, Int/Dex
                  | -1) [hidden potential]
  5755 | D:5      | Lost mutation: You have hidden genetic potential. [hidden
                  | potential expressed]
  6437 | D:6      | Found a staircase to the Ecumenical Temple.
  6476 | Temple   | Entered the Ecumenical Temple
  6480 | Temple   | Learned a level 2 spell: Ensorcelled Hibernation
  6588 | Temple   | Became a worshipper of Ashenzari the Shackled
  6832 | D:6      | Learned a level 1 spell: Apportation
  7159 | D:7      | Reached skill level 5 in Hexes
  7179 | D:7      | Reached XP level 9. HP: 70/73 MP: 7/18
  7660 | D:7      | Found an iron altar of Okawaru.
  7734 | D:7      | Reached skill level 5 in Throwing
  7734 | D:7      | Reached skill level 5 in Armour
  7837 | D:7      | Noticed a two-headed ogre
  7865 | D:7      | Slain by a two-headed ogre

Illustrated notes

Levels and vault maps discovered:
D:1:      lordsloth_arrival_two_stooges, layout_basic
D:2:      layout_loops_ring, hellmonk_ecumenical_altar_dog_temple, uniq_robin,
          uniq_crazy_yiuf_cottage
D:3:      layout_loops_cross
D:4:      layout_loops_cross, gammafunk_temple_overflow_elements
D:5:      kennysheep_spiral_hall, layout_rooms, gammafunk_ghost_nasty_kobolds
D:6:      layout_cave_pools, minmay_temple_entry_offerings,
          chequers_serial_rivers_micro_a
D:7:      layout_loops_ring, okawaru_ov_weapons_minmay
Temple:   nicolae_temple_superstar

Skill      XL: |  1  2  3  4  5  6  7  8  9 |
---------------+----------------------------+-----
Air Magic      | 2 3 4 |  4.2
Spellcasting   | 5 6 |  6.6
Invocations    | 1 2 3 4 |  4.7
Short Blades   | 1 2 3 4 |  4.3
Long Blades    | 1 2 3 4 |  4.3
Axes           | 1 2 3 4 |  4.3
Maces & Flails | 1 2 3 4 |  4.3
Polearms       | 1 2 3 4 |  4.3
Staves         | 1 2 3 4 |  4.3
Ranged Weapons | 1 2 3 4 |  4.3
Dodging        | 1 2 3 4 |  4.3
Stealth        | 1 2 3 4 |  4.3
Shields        | 1 2 3 4 |  4.3
Unarmed Combat | 1 2 3 4 |  4.3
Evocations     | 1 2 3 4 |  4.3
Conjurations   | 1 2 3 |  3.5
Summonings     | 1 2 3 |  3.5
Necromancy     | 1 2 3 |  3.5
Translocations | 1 2 3 |  3.5
Transmutations | 1 2 3 |  3.5
Fire Magic     | 1 2 3 |  3.5
Ice Magic      | 1 2 3 |  3.5
Earth Magic    | 1 2 3 |  3.5
Poison Magic   | 1 2 3 |  3.5
Throwing       | 3 4 5 |  5.1
Armour         | 3 4 5 |  5.1
Hexes          | 4 5 |  5.2
Fighting       | 7 |  7.9

Action                   |  1- 3 |  4- 6 |  7- 9 || total
-------------------------+-------+-------+-------++-------
Melee: Club              |    52 |       |       ||    52
       Bite              |     9 |     1 |     9 ||    19
       Punch             |     3 |     2 |       ||     5
       Mace              |    31 |       |       ||    31
       Trident           |    23 |     1 |       ||    24
       Short sword       |       |    31 |    91 ||   122
       Quarterstaff      |       |     7 |       ||     7
       Headbutt          |       |     2 |    21 ||    23
       Kick              |       |       |    24 ||    24
 Fire: Sling             |    10 |     5 |       ||    15
       Triple crossbow   |       |       |     2 ||     2
Throw: Stone             |       |     1 |       ||     1
 Cast: Slow              |    17 |     8 |    19 ||    44
       Shock             |    13 |    82 |    49 ||   144
       Sandblast         |       |     1 |    42 ||    43
       Ensorcelled Hiber |       |       |    14 ||    14
       Wereblood         |       |       |     4 ||     4
       Passwall          |       |       |     4 ||     4
       Apportation       |       |       |     2 ||     2
       Sublimation of Bl |       |       |     1 ||     1
  Use: Potion            |       |     9 |     4 ||    13
       Scroll            |       |     5 |     9 ||    14
 Stab: Sleeping          |     1 |       |     8 ||     9
Armor: Robe              |    32 |       |     7 ||    39
       Leather armour    |    19 |    29 |    66 ||   114
       Skin              |       |     6 |       ||     6
Dodge: Dodged            |    79 |    42 |   118 ||   239

Table legend: (Time is in decaauts)
 A = Elapsed time spent in this place.
 B = Non-inter-level travel time spent in this place.
 C = Inter-level travel time spent in this place.
 D = Time resting spent in this place.
 E = Time spent auto-exploring this place.
 F = Levels seen in this place.
 G = Mean time per level.
                   A        B        C        D        E       F      G
               +--------+--------+--------+--------+--------+-----+--------+
         Total |   7925 |   7573 |    352 |    192 |   5828 |   8 |  990.6 |
       Dungeon |   7782 |   7465 |    317 |    192 |   5767 |   7 | 1111.7 |
        Temple |    142 |    107 |     35 |      0 |     61 |   1 |  142.0 |
               +--------+--------+--------+--------+--------+-----+--------+

Top non-repeatable levels by time:
     D:5: 1529 daAuts
     D:1: 1425 daAuts
     D:4: 1351 daAuts
     D:2: 1202 daAuts
     D:3: 874 daAuts
     D:7: 710 daAuts
     D:6: 689 daAuts
  Temple: 142 daAuts
